 Dungeon Crawl Stone Soup version 0.26.0-20-g3ca415f5b8 (webtiles) character file.

Game seed: 17699343868206194566

257 PentaManta the Ruffian (level 5, -1/50 HPs)
             Began as a Troll Abyssal Knight on Jan 24, 2021.
             Was a Priest of Lugonu.
             Slain by a gnoll
             ... wielding a +0 halberd
              (18 damage)
             ... on level 3 of the Dungeon.
             The game lasted 00:08:24 (2996 turns).

PentaManta the Ruffian (Troll Abyssal Knight)       Turns: 2996, Time: 00:08:24

Health: -1/50      AC:  6    Str: 21    XL:     5   Next: 93%
Magic:  14/14      EV:  5    Int:  8    God:    Lugonu [***...]
Gold:   169        SH: 10    Dex:  9    Spells: 4/4 levels left

rFire    . . .     SeeInvis .     - Unarmed
rCold    . . .     Faith    .   m - -1 tower shield (curse)
rNeg     . . .     Spirit   .   a - +0 robe
rPois    .         Reflect  .   (helmet restricted)
rElec    .         Harm     .   (no cloak)
rCorr    .         Rampage  .   (gloves unavailable)
Will     .....                  (boots unavailable)
Stlth    +.........             (no amulet)
HPRegen  0.56/turn              n - ring of magical power
MPRegen  0.14/turn              (no ring)

@: no status effects
A: large, unfitting armour, claws 3, regeneration 1, shaggy fur 1, tough skin 3
a: Renounce Religion, Depart the Abyss, Bend Space, Banish


You were on level 3 of the Dungeon.
You worshipped Lugonu.
Lugonu was most pleased with you.
You visited 1 branch of the dungeon, and saw 6 of its levels.
You visited the Abyss 1 time.

You collected 169 gold pieces.

Inventory:

Hand Weapons
 k - a +0 dagger of draining
 u - a +0 hunting sling
Missiles
 b - 7 atropa-tipped darts
 i - 4 curare-tipped darts
 j - 30 poisoned darts
 l - 28 sling bullets
Armour
 a - a +0 robe (worn)
 m - a cursed -1 tower shield (worn)
Jewellery
 n - a ring of magical power (left claw)
Wands
 y - a wand of digging (6)
Scrolls
 c - 7 scrolls of identify {unknown}
 d - 2 scrolls of immolation {unknown}
 e - 6 scrolls of teleportation {unknown}
 p - a scroll of enchant weapon {unknown}
 q - a scroll of magic mapping {unknown}
 r - a scroll of enchant armour {unknown}
 s - 2 scrolls of fear
 t - 2 scrolls of remove curse {unknown}
 v - a scroll of random uselessness {unknown}
Potions
 f - 2 potions of haste {unknown}
 g - 2 potions of curing {unknown}
 h - a potion of brilliance {unknown}
 o - a potion of flight {unknown}
 w - a potion of lignification {unknown}
 x - 2 potions of degeneration {unknown}


   Skills:
 - Level 2.4 Fighting
 - Level 1.9 Dodging
 + Level 6.3 Unarmed Combat
 - Level 1.5 Invocations


You had 4 spell levels left.
You didn't know any spells.
Your spell library was empty.

Dungeon Overview and Level Annotations

Branches:
Dungeon (6/15)             Temple (0/1) D:5

Altars:
Zin

Portals:
Abyss: D:3

Annotations:
D:3 2 transporters, mitiashka's ghost, amateur MiFi


Innate Abilities, Weirdness & Mutations

You are too large for most types of armour.
You have claws for hands.
Your natural rate of healing is unusually fast.
You are covered in fur. (AC +1)
You have extremely tough skin. (AC +3)


Message History

The gnoll shouts!
The gnoll hits you from afar with a +0 halberd!
The gnoll hits you with a +0 halberd!
You barely miss the gnoll. You block the gnoll's attack.
You scratch the gnoll but do no damage. The gnoll hits you with a +0 halberd.
You scratch the gnoll but do no damage. You barely miss the gnoll.
You block the gnoll's attack.
You scratch the gnoll.
The gnoll is moderately wounded.
You block the gnoll's attack.
Your shield prevents you from hitting the gnoll.
The gnoll is moderately wounded.
The gnoll hits you with a +0 halberd!
You scratch the gnoll but do no damage.
The gnoll is moderately wounded.
You block the gnoll's attack.
You closely miss the gnoll.
The gnoll is moderately wounded.
The gnoll hits you with a +0 halberd!!
You die...

.....# .....######
..###.....#
)...#.###.####
..#.#.# #.)..#
.<#.#.# ####.#####
).#...# #.)...#
..##############.#
.............>##@#
..###########.##g#
..# #......# ..#
#.##..## ..#
#.##..# ###
#.###.# #..)..#
#######


You could see a gnoll.

Vanquished Creatures
  A hound skeleton (D:3)
  7 adders
  7 gnolls (D:3)
  A shadow imp (D:6)
  An ooze (D:1)
  An adder skeleton (D:4)
  2 worms
  2 dart slugs
  4 orcs
  4 giant cockroaches
  11 goblins
  11 hobgoblins
  4 jackals (D:3)
  8 kobolds
  A quokka (D:2)
  3 ball pythons
  A ball python skeleton (D:4)
  9 bats
  8 frilled lizards
  10 rats
96 creatures vanquished.

Notes
Turn   | Place    | Note
-------+----------+-------------------------------------------
     0 | Abyss:1  | PentaManta the Troll Abyssal Knight began the quest for the
                  | Orb.
     0 | Abyss:1  | Reached XP level 1. HP: 22/22 MP: 1/1
    57 | Abyss:2  | Noticed an ancient zyme
    73 | D:1      | Escaped the Abyss
   190 | D:1      | Reached * piety under Lugonu
   229 | D:1      | Reached XP level 2. HP: 29/29 MP: 2/2
   496 | D:1      | Reached skill level 3 in Unarmed Combat
   870 | D:1      | Reached XP level 3. HP: 36/36 MP: 3/3
  1253 | D:2      | Reached ** piety under Lugonu
  1277 | D:2      | Reached skill level 4 in Unarmed Combat
  1489 | D:2      | Reached XP level 4. HP: 44/44 MP: 4/4
  1851 | D:3      | Reached skill level 5 in Unarmed Combat
  1891 | D:3      | Reached *** piety under Lugonu
  1905 | D:3      | Reached XP level 5. HP: 33/50 MP: 5/5
  1910 | D:3      | You fall into a shaft and drop 3 floors!
  2068 | D:5      | Entered Level 5 of the Dungeon
  2106 | D:5      | Found a staircase to the Ecumenical Temple.
  2408 | D:3      | Identified the +1 spear of Gallantry {distort, rElec Dex+7}
  2413 | D:3      | Noticed mitiashka's ghost (amateur MiFi)
  2414 | D:3      | Found a transporter.
  2417 | D:3      | Found a one-way gate to the infinite horrors of the Abyss.
  2474 | D:3      | Found a transporter.
  2529 | D:3      | Reached skill level 6 in Unarmed Combat
  2790 | D:3      | Noticed a small abomination
  2846 | D:2      | Found a glowing silver altar of Zin.
  2996 | D:3      | Slain by a gnoll

Illustrated notes

Levels and vault maps discovered:
D:1:      zaba_arrival_water, layout_loops_corners
D:2:      lemuel_upstairs_altar, layout_rooms, corexii_item_surrounded_by_moat
D:3:      layout_basic, gammafunk_ghost_abyssal_escape
D:4:      minmay_recursive_quarters, layout_loops_ring, uniq_sigmund
D:5:      layout_gridville, minmay_temple_entry_gardened_gates
D:6:      layout_layer_cave

Skill      XL: |  1  2  3  4  5 |
---------------+----------------+-----
Unarmed Combat | 3 4 5 6 |  6.3
Fighting       | |  2.4
Dodging        | |  1.9
Invocations    | |  1.5

Action                   |  1- 3 |  4- 6 || total
-------------------------+-------+-------++-------
Melee: Unarmed           |   147 |   185 ||   332
       Punch             |     1 |       ||     1
Invok: Depart the Abyss  |     1 |       ||     1
  Use: Scroll            |     1 |       ||     1
Armor: Robe              |    58 |    67 ||   125
Dodge: Dodged            |    44 |    46 ||    90
Block: Tower shield      |    20 |   101 ||   121
